 Dungeon Crawl Stone Soup version 0.32-a0-141-g04fe697 (webtiles) character file.

Game seed: 12894402805991728594

7 skewfiend the Caller (level 1, -1/11 HPs)
             Began as a Deep Elf Summoner on Feb 11, 2024.
             Slain by a goblin
             ... wielding a +0 club
              (3 damage)
             ... on level 1 of the Dungeon.
             The game lasted 00:01:24 (151 turns).

skewfiend the Caller (Deep Elf Summoner)             Turns: 151, Time: 00:01:24

Health: -1/11      AC:  2    Str:  5    XL:     1   Next: 83%
Magic:  4/6        EV: 12    Int: 19    God:
Gold:   0          SH:  0    Dex: 15    Spells: 5/6 levels left

rFire   . . .        c - staff of death
rCold   . . .        (no shield)
rNeg    + . .        a - +0 robe
rPois   .            (no helmet)
rElec   .            (no cloak)
rCorr   .            (no gloves)
SInv    .            (no boots)
Will    .....        (no amulet)
Stlth   ++           (no ring)
HPRegen 0.21/turn    (no ring)
MPRegen 0.10/turn

%: no passive effects
@: no status effects
A: no striking features
a: no special abilities


You were on level 1 of the Dungeon.
You visited 1 branch of the dungeon, and saw 1 of its levels.

Inventory:

Missiles
 e - 2 throwing nets
Armour
 a - a +0 robe (worn)
 g - a +0 leather armour
 h - a +0 ring mail
Magical Staves
 c - a staff of death (weapon)
Potions
 b - a potion of magic
 d - a potion of lignification {unknown}
 f - a potion of enlightenment {unknown}


   Skills:
 + Level 0.3 Fighting
 - Level 2.4 Dodging
 - Level 2.4 Stealth
 + Level 3.2 Spellcasting
 * Level 4.6 Summonings


You had 5 spell levels left.
You knew the following spells:

 Your Spells              Type           Power      Damage    Failure   Level
a - Summon Small Mammal   Summ           80%        N/A       2%          1

Your spell library contained the following spells:

 Spells                   Type           Power      Damage    Failure   Level
 Call Imp                 Summ           40%        N/A       3%          2
 Call Canine Familiar     Summ           20%        N/A       7%          3
 Summon Blazeheart Golem  Fire/Summ      11%        N/A       50%         4
 Summon Lightning Spire   Summ/Air       11%        N/A       50%         4


Dungeon Overview and Level Annotations

Branches:
Dungeon (1/15)

Altars:


Message History

The bat barely misses you.
The goblin hits the fungus with a +0 club.
You see here 6 gold pieces.
Found 17 gold pieces.
The bat barely misses you.
You see here 10 gold pieces.
You hit the bat but do no damage. The bat hits you but does no damage. x2
A nearby fungus withers and dies.
The bat barely misses you. The goblin hits you with a +0 club.
You see here 6 gold pieces.
Casting: Summon Small Mammal (safe; 2% risk of failure)
Confirm with . or Enter, or press ? or * to list all spells.
The bat hits you but does no damage.
The bat hits the fungus.
The fungus begins to die.
The goblin barely misses you. The bat closely misses you.
Unknown command.
Casting: Summon Small Mammal (safe; 2% risk of failure)
Confirm with . or Enter, or press ? or * to list all spells.
The bat closely misses you. The goblin hits you with a +0 club.
The bat hits the toadstool but does no damage.
Your rat bites the bat.
Unknown command.
You barely miss the goblin. The bat hits you but does no damage.
The goblin misses you. The bat hits you but does no damage.
Your bat hits the goblin.
Your rat bites the bat but does no damage.
The goblin closely misses you.
Unknown command.
You hit the bat.
The bat is severely wounded.
The bat hits you but does no damage.
Your bat misses the goblin. The bat hits you.
Your bat hits the kobold.
Your rat bites the bat but does no damage.
The goblin hits you with a +0 club.
* * * LOW HITPOINT WARNING * * *
The kobold hits you with a +0 dagger.
* * * LOW HITPOINT WARNING * * *
A nearby fungus withers and dies.
Your rat closely misses the bat.
The bat barely misses you.
Your bat misses the goblin. The goblin attacks as it pursues you!
The goblin hits you with a +0 club.
You die...

#.......#.####.......# #
####.#...............######
...#........######....#..
### #.........#####.#.##.#
#.........#.....#....# #
##...PP##.#.##.......# ...
#P$r$..#...######...#
.....#PK$bP.##### #....
......b$g@P.# ###.#
>......PPPP.....$ ....
.........####.... ......
.....?#?## .... ........
......#.. . ........
......### ........ #####.
..######


You could see a goblin (ally target), a bat (ally target), a kobold, a friendly
bat (summoned) and a friendly rat (summoned).

Vanquished Creatures (collateral kills)
  A dart slug (D:1)
  An endoplasm (D:1)
  A quokka (D:1)
  A ball python (D:1)
  A frilled lizard (D:1)
5 creatures vanquished.

Notes
Turn   | Place    | Note
-------+----------+-------------------------------------------
     0 | D:1      | skewfiend the Deep Elf Summoner began the quest for the
                  | Orb.
     0 | D:1      | Reached XP level 1. HP: 10/10 MP: 6/6
   151 | D:1      | Slain by a goblin

Illustrated notes

Levels and vault maps discovered:
D:1:      psy_arrival_radial02, layout_basic, chequers_serial_rivers_micro_a,
          minmay_gold_behind_fungi

Action                     || total
---------------------------++-------
  Melee: Staff             ||     8
   Cast: Summon Small Mamm ||     6
 Armour: Robe              ||    13
  Dodge: Dodged            ||     9

Table legend: (Time is in decaauts)
 A = Elapsed time spent in this place.
 B = Non-inter-level travel time spent in this place.
 C = Inter-level travel time spent in this place.
 D = Time resting spent in this place.
 E = Time spent auto-exploring this place.
 F = Levels seen in this place.
 G = Mean time per level.
                   A        B        C        D        E       F      G
               +--------+--------+--------+--------+--------+-----+--------+
         Total |    152 |    135 |     17 |      0 |     63 |   1 |  152.0 |
       Dungeon |    152 |    135 |     17 |      0 |     63 |   1 |  152.0 |
               +--------+--------+--------+--------+--------+-----+--------+

Top non-repeatable levels by time:
     D:1: 152 daAuts
